cohdb
Replays
Latest Replays
All Replays
Popular Replays
Top Player Replays
Match Explorer
How It Works
Community
CoH3 Stats
Reddit
Sign in to upload your games and track your stats! →
Sign in with Steam
Match 41337587
Unlisted
Match 41337587
Overview
Messages
Build Orders
End
Kettenkrad Recon Vehicle
Construct Infanterie Kompanie
Selects Terror Battlegroup
Selects Machine Gun Camouflage
MG 42 Machine Gun Team
Grenadier Squad
Grenadier Squad
Grenadier Squad
Construct Luftwaffe Kompanie
MG 42 Machine Gun Team
Support Elements
Grenadier Squad
Selects Defend the Fatherland
Wirbelwind Flakpanzer
Grenadier Squad
GEORGE LITTLEHOOF
Razarak
colinmeier50
Vlambulance-YouTube
0
0
Comments
sign in to comment!
No comments posted yet!